 Dungeon Crawl Stone Soup version 0.13-b1-54-gfe00c74 (webtiles) character file.

695 Malachi the Chopper (level 7, -2/64 HPs)
             Began as a Deep Dwarf Berserker on Oct 10, 2013.
             Was a Follower of Jiyva.
             Killed by divine providence
             ... invoked by an orc priest
              (4 damage)
             ... on Level 4 of the Dungeon.
             The game lasted 00:06:40 (2078 turns).

Malachi the Chopper (Deep Dwarf Berserker)          Turns: 2078, Time: 00:06:40

HP  -2/64        AC  2     Str 21      XL: 7   Next:  7%
MP   5/5         EV 14     Int  8      God: Jiyva [*.....]
Gold 146         SH  0     Dex 13      Spells:  0 memorised,  6 levels left

Res.Fire  : . . .   See Invis. : .   p - +0 broad axe
Res.Cold  : . . .   Warding    : .   b - +0 animal skin
Life Prot.: . . .   Conserve   : .   (no shield)
Res.Poison: .       Res.Corr.  : .   (no helmet)
Res.Elec. : .       Clarity    : .   (no cloak)
Sust.Abil.: . .     Spirit.Shd : .   (no gloves)
Res.Mut.  : .       Stasis     : .   (no boots)
Res.Rott. : .       Flight     : .   (no amulet)
Saprovore : . . .                    (no ring)
                                     (no ring)

@: non-regenerating, somewhat resistant to hostile enchantments, unstealthy
A: damage resistance, recharge devices, sense surroundings 1, slow healing 3
a: Device Recharging, Request Jelly, Renounce Religion


You were on level 4 of the Dungeon.
You worshipped Jiyva.
Jiyva was aware of your devotion.
You were not hungry.

You visited 1 branch of the dungeon, and saw 4 of its levels.

You collected 126 gold pieces.

Inventory:

Hand weapons
 a - a +1,+0 dwarven hand axe {=f}
 p - a +0,+0 broad axe (weapon)
Armour
 b - a +0 animal skin (worn)
Magical devices
 c - a wand of heal wounds (3)
Comestibles
 d - 3 bread rations
 j - a meat ration
 q - a choko
 z - 4 chunks of orc flesh
Scrolls
 e - 2 scrolls of enchant armour {unknown}
 f - a scroll of teleportation
 h - 6 scrolls of identify
 i - a scroll of enchant weapon II
 m - 2 scrolls of remove curse {unknown}
 n - a scroll of fear {unknown}
 x - a scroll of enchant weapon I
 y - a scroll of recharging {unknown}
Jewellery
 g - an uncursed ring of ice
 s - an uncursed ring of fire {unknown}
 v - an uncursed amulet of warding {unknown}
 A - an uncursed amulet of stasis {unknown}
Potions
 k - 3 potions of curing
 l - a potion of porridge {unknown}
 o - 2 potions of agility {unknown}
 r - a potion of invisibility {unknown}
 t - 2 potions of speed {unknown}
 u - a potion of restore abilities {unknown}
 B - 2 potions of brilliance {unknown}


   Skills:
 + Level 4.1 Fighting
 + Level 6.0 Axes
 + Level 2.8 Armour
 + Level 5.1 Dodging
 + Level 1.0 Stealth
 + Level 1.1 Evocations


You had 6 spell levels left.
You didn't know any spells.

Dungeon Overview and Level Annotations

Branches:
Dungeon (4/27)
 Temple: D:4-7

Altars:
Jiyva


Innate Abilities, Weirdness & Mutations

You are resistant to damage.
You can recharge devices by infusing magical energy.
You passively map a small area around you.
You do not heal naturally.


Message History

Jiyva shields your delectables from destruction.
* * * LOW HITPOINT WARNING * * *
The orc priest calls upon Beogh to heal the orc wizard.
The orc wizard is healed somewhat.
Some of the chunks of flesh in your inventory have completely rotted away.
You barely miss the orc wizard.
The orc wizard is lightly wounded.
The orc wizard misses you. The orc wizard closely misses you.
You hit the orc wizard.
The orc wizard is moderately wounded.
The orc wizard hits you with an orcish dagger.
You hear a distant slurping noise.
Jiyva appreciates your sacrifice. The orc wizard closely misses you.
You slash the orc wizard!
You kill the orc wizard!
Your Axes skill increases to level 6!
The orc priest invokes the aid of Beogh against you.
Something smites you!
You die...

, # ,< # * * # * # , , #
* * * , , *
################.########
.....oo)@.......)........
###########%#.....#######
, #.####### # , *
#.......# # #######.# # ,
,, #.####### #........
#########


You could see an orc priest and an orc.

Vanquished Creatures
  A phantom (D:4)
  Sigmund (D:3)
  An iguana (D:4)
  An orc priest (D:4)
  A scorpion (D:4)
  2 orc wizards (D:4)
  Jessica (D:2)
  8 adders
  8 gnolls
  A giant mite (D:2)
  A worm (D:2)
  4 oozes (D:2)
  6 orcs
  5 bats
  6 giant cockroaches
  10 goblins
  5 hobgoblins
  4 jackals (D:4)
  4 giant geckos (D:2)
  4 giant newts
  9 kobolds
  A quokka (D:2)
  4 rats
88 creatures vanquished.

Vanquished Creatures (others)
  An orc wizard (D:4)
  A giant gecko (D:4)
  An orc (D:4)
  2 giant cockroaches (D:4)
  A jackal skeleton (D:4)
6 creatures vanquished.

Grand Total: 94 creatures vanquished

Notes
Turn   | Place    | Note
--------------------------------------------------------------
     0 | D:1      | Malachi, the Deep Dwarf Berserker, began the quest for the Orb.
     0 | D:1      | Reached XP level 1. HP: 21/21 MP: 0/0
   160 | D:1      | Reached XP level 2. HP: 26/28 MP: 1/1
   580 | D:2      | Reached skill level 4 in Axes
   743 | D:2      | Noticed Jessica
   750 | D:2      | Killed Jessica
   750 | D:2      | Acquired Trog's second power
   750 | D:2      | Reached XP level 3. HP: 12/36 MP: 2/2
   967 | D:2      | Reached XP level 4. HP: 32/43 MP: 3/3
  1151 | D:2      | Reached XP level 5. HP: 5/50 MP: 4/4
  1203 | D:2      | Found a viscous altar of Jiyva.
  1266 | D:2      | Fell from the grace of Trog
  1266 | D:2      | Became a worshipper of Jiyva Joiqycock the Shapeless
  1476 | D:3      | Acquired Jiyva's first power
  1484 | D:3      | Reached skill level 5 in Axes
  1484 | D:3      | Reached skill level 1 in Stealth
  1669 | D:3      | Noticed Sigmund
  1684 | D:3      | Killed Sigmund
  1684 | D:3      | Reached XP level 6. HP: 25/57 MP: 4/4
  1955 | D:4      | Reached skill level 1 in Evocations
  2015 | D:4      | Reached skill level 5 in Dodging
  2015 | D:4      | Reached XP level 7. HP: 7/64 MP: 6/6
  2075 | D:4      | HP: 2/64 [orc wizard/puff of flame (9)]
  2078 | D:4      | Reached skill level 6 in Axes
  2078 | D:4      | Killed from afar by an orc priest

Action                   |  1- 3 |  4- 6 |  7- 9 || total
-------------------------+-------+-------+-------++-------
Melee: Hand axe          |    86 |    75 |       ||   161
       Broad axe         |       |   117 |    20 ||   137
Invok: Berserk           |     3 |     2 |       ||     5
       Trog's Hand       |       |     1 |       ||     1
 Abil: Device Recharging |       |     1 |     1 ||     2
Evoke: Wand              |     1 |     8 |     2 ||    11
  Use: Scroll            |     8 |       |       ||     8
       Potion            |       |     2 |       ||     2
